 Dungeon Crawl Stone Soup version 0.29.0 (webtiles) character file.

Game seed: 9731422694082429921

1876 Zeld the Ogre Mage (level 9, -29/75 HPs)
             Began as an Ogre Fire Elementalist on Aug 24, 2022.
             Was an Initiate of Gozag.
             Annihilated by an orc warlord
             ... wielding a +8 broad axe
              (43 damage)
             ... in a bailey.
             The game lasted 00:10:29 (9416 turns).

Zeld the Ogre Mage (Ogre Fire Elementalist)         Turns: 9416, Time: 00:10:29

Health: -29/75     AC:  4    Str: 14    XL:     9   Next: 14%
Magic:  20/20      EV: 10    Int: 26    God:    Gozag
Gold:   468        SH:  0    Dex:  9    Spells: 13/23 levels left

rFire   . . .      SeeInvis .   a - +7 demon trident of Junius {elec, rElec rPois Int+6}
rCold   . . .      Faith    .   (no shield)
rNeg    . . .      Spirit   .   d - +0 robe
rPois   +          Reflect  .   (helmet restricted)
rElec   +          Harm     .   p - +0 cloak
rCorr   +          Rampage  .   (gloves unavailable)
Will    .....                   (boots unavailable)
Stlth   ++........              s - amulet of magic regeneration
HPRegen 0.22/turn               g - ring of poison resistance
MPRegen 0.57/turn               B - ring of resist corrosion

@: no status effects
A: large, unfitting armour, tough skin 1
a: Renounce Religion, Potion Petition, Call Merchant, Bribe Branch


You were in a bailey.
You worshipped Gozag.
Gozag was aware of your devotion.
You visited 2 branches of the dungeon, and saw 8 of its levels.
You also visited: Sewer and Bailey.

You collected 1121 gold pieces.
You paid 653 gold pieces to Gozag.

Inventory:

Hand Weapons
 a - the +7 demon trident of Junius (weapon) {elec, rElec rPois Int+6}
   (You acquired it in a bailey)

   It occasionally discharges a powerful burst of electricity upon striking a
   foe.
   Int:       It affects your intelligence (+6).
   rElec:     It insulates you from electricity.
   rPois:     It protects you from poison.
 C - the +9 hand axe of Bodily Harmony {vamp, Drain rF- Will+++ Dex+6}
   (You found it in a bailey)

   It occasionally heals its wielder for a portion of the damage dealt when it
   wounds a living foe.
   Dex:       It affects your dexterity (+6).
   rF:        It makes you vulnerable to fire.
   Drain:     It drains your maximum health when unequipped.
   Will:      It greatly increases your willpower.
Missiles
 f - 11 boomerangs
Armour
 d - a +0 robe (worn)
 p - a +0 cloak (worn)
Jewellery
 g - a ring of poison resistance (left hand)
 s - an amulet of magic regeneration (around neck)
 B - a ring of resist corrosion (right hand)
Wands
 l - a wand of paralysis (21)
Scrolls
 c - 2 scrolls of poison
 h - 3 scrolls of vulnerability
 j - 3 scrolls of enchant weapon
 k - a scroll of noise
 q - a scroll of enchant armour
 r - a scroll of amnesia
 v - 6 scrolls of teleportation {unknown}
 y - 2 scrolls of summoning {unknown}
 A - a scroll of brand weapon {unknown}
 F - a scroll of acquirement
Potions
 b - 3 potions of magic
 e - 3 potions of might {unknown}
 m - 4 potions of curing {unknown}
 n - a potion of ambrosia {unknown}
 t - a potion of flight {unknown}
 u - 4 potions of lignification {unknown}
 w - 3 potions of brilliance {unknown}
 x - a potion of heal wounds {unknown}
 z - a potion of resistance {unknown}
 D - 2 potions of cancellation {unknown}
 E - a potion of mutation {unknown}


   Skills:
 - Level 0.3 Fighting
 - Level 3.0 Dodging
 - Level 3.0 Stealth
 * Level 7.5 Spellcasting
 + Level 4.0 Conjurations
 * Level 6.6 Fire Magic
 + Level 2.2 Evocations


You had 13 spell levels left.
You knew the following spells:

 Your Spells              Type           Power      Damage    Failure   Level
a - Foxfire               Conj/Fire      100%       2x1d9     1%          1
b - Scorch                Fire           88%        2d9       1%          2
c - Inner Flame           Hex/Fire       27%        N/A       4%          3
d - Flame Wave            Conj/Fire      37%        2d10      7%          4

Your spell library contained the following spells:

 Spells                   Type           Power      Damage    Failure   Level
 Conjure Flame            Conj/Fire      37%        6-21      1%          3
 Beastly Appendage        Tmut           18%        N/A       6%          1
 Necrotise                Necr           36%        1d5       6%          1
 Wereblood                Tmut           9%         N/A       9%          2
 Frozen Ramparts          Ice            18%        1d3       19%         3
 Spider Form              Tmut/Pois      9%         N/A       19%         3
 Vampiric Draining        Necr           9%         2d6       19%         3
 Ice Form                 Ice/Tmut       9%         N/A       52%         4
 Summon Ice Beast         Ice/Summ       9%         N/A       52%         4
 Agony                    Necr           9%         N/A       86%         5
 Dispersal                Tloc           4%         N/A       100%        6
 Disjunction              Tloc           4%         N/A       100%        8


Dungeon Overview and Level Annotations

Branches:
Dungeon (7/15)             Temple (1/1) D:4           Sewer (visited)
 Bailey (1/1)

Altars:
Ashenzari
Cheibriados
Dithmenos
Elyvilon
Fedhas
Gozag
Hepliaklqana
Kikubaaqudgha
Makhleb
Nemelex Xobeh
Okawaru
Trog
Uskayaw
Wu Jian
Xom
Yredelemnul
Zin
The Shining One

Shops:
D:6 [(


Innate Abilities, Weirdness & Mutations

You are too large for most types of armour.
You have tough skin. (AC +1)


Message History

There is an open door here.
Things that are here:
a +0 war axe; a +0 ring mail
Press: ? - help, . - travel, g - get item You can't see that place. [Stash: a book of the Sky] [the floor.]
There is an open door here.
Things that are here:
a +0 hand axe; a +0 leather armour
There is an open door here.
Things that are here:
a +0 hand axe; a +0 leather armour
Things that are here:
a +0 war axe; a +0 plate armour
There is an open translucent gate here.
You enter the shallow water.
Moving in this stuff is going to be slow.
You see here the +9 hand axe of Bodily Harmony {vamp, Drain rF- Will+++ Dex+6}.
C - the +9 hand axe of Bodily Harmony {vamp, Drain rF- Will+++ Dex+6} You see here a scroll of acquirement.
F - a scroll of acquirement
As you read the scroll of fear, it crumbles to dust.
You assume a fearsome visage.
The orc warlord easily resists.
The orc warlord hits you with a +8 broad axe!
As you read the scroll of magic mapping, it crumbles to dust.
You feel aware of your surroundings.
The orc warlord hits you with a +8 broad axe!
As you read the scroll of fear, it crumbles to dust.
You assume a fearsome visage.
The orc warlord looks frightened!
The orc warlord seems to regain its courage.
The orc warlord hits you with a +8 broad axe!!
* * * LOW HITPOINT WARNING * * *
The orc warlord barely misses you.
There is a gate leading back out of this place here.
Okay, then.
The orc warlord hits you with a +8 broad axe!!!
Ouch! That really hurt!
You die...
Your body crumbles into a pile of gold.

#..8..8...).........8..8..#
#.........................#
##......####...####......##
♣##....##~~#####~~##....##♣
♣.##...#~..8...8!:~#...##.♣
♣♣..###)#~.........~#'###..♣♣
♣...~)~o#~..8...8..~#.~~~...♣
♣♣...~~~.##.........##.~~~...♣♣
♣∩...~~~.#~....@o...~#.~~~...∩♣
♣♣...~~~.#~.........~#.~~~...♣♣
♣...~~~.#~~.8...8.~~#)~~~...♣
♣♣..###'###.......###'###..♣♣
♣.##....#~.8...8.~#....##.♣
♣##.....#~~~~~~~~~#.....##♣
##......####~~~####o.....##
#...8......#'''#......8...#
#.........$......)........#


You could see an orc warlord.

Vanquished Creatures
  Maggie (D:6)
  A sky beast (D:6)
  4 orc warriors (Bailey)
  A centaur (D:5)
  3 bullfrogs
  4 scorpions
  A howler monkey (D:6)
  A hound (D:5)
  2 jellies (D:6)
  Crazy Yiuf (D:3)
  5 iguanas
  14 adders
  3 gnolls (Bailey)
  2 river rats (Sewer)
  A white imp (D:6)
  3 ufetubi
  3 dart slugs
  13 orcs
  4 endoplasms
  6 giant cockroaches
  12 goblins
  8 hobgoblins
  8 jackals
  16 kobolds
  4 quokkas
  23 ball pythons
  5 bats
  A frilled lizard (D:3)
  31 rats
181 creatures vanquished.

Vanquished Creatures (others)
  79 foxfires
  2 fungi (D:3)
81 creatures vanquished.

Grand Total: 262 creatures vanquished

Notes
Turn   | Place    | Note
-------+----------+-------------------------------------------
     0 | D:1      | Zeld the Ogre Fire Elementalist began the quest for the
                  | Orb.
     0 | D:1      | Reached XP level 1. HP: 16/16 MP: 3/3
   642 | D:1      | Reached XP level 2. HP: 24/24 MP: 0/5
   738 | D:1      | Reached skill level 1 in Conjurations
  1398 | D:1      | Reached XP level 3. HP: 32/32 MP: 4/7
  1401 | D:1      | Learned a level 2 spell: Scorch
  1405 | D:1      | Learned a level 3 spell: Inner Flame
  1827 | D:2      | Reached skill level 3 in Spellcasting
  2321 | D:3      | Reached XP level 4. HP: 40/40 MP: 3/8
  3556 | D:3      | Found a runed translucent door.
  3557 | D:3      | Noticed Crazy Yiuf
  3563 | D:3      | Killed Crazy Yiuf
  3564 | D:3      | Reached XP level 5. HP: 46/46 MP: 1/10
  3923 | D:4      | Reached skill level 4 in Spellcasting
  4208 | D:4      | Identified the +1 robe "Piraq" {rElec rF- Str+6}
  4291 | D:4      | Reached XP level 6. HP: 51/54 MP: 2/12
  4307 | D:4      | Found a staircase to the Ecumenical Temple.
  4352 | Temple   | Entered the Ecumenical Temple
  4487 | Temple   | Became a worshipper of Gozag Ym Sagoz the Greedy
  4952 | D:5      | Entered Level 5 of the Dungeon
  5171 | D:5      | Found a glowing drain.
  5202 | Sewer    | Entered a sewer
  5743 | Sewer    | Reached XP level 7. HP: 61/61 MP: 14/14
  5752 | Sewer    | Reached skill level 5 in Spellcasting
  6281 | D:5      | Reached skill level 5 in Fire Magic
  6783 | D:6      | Found Yluli's Antique Armour Emporium.
  6796 | D:6      | Reached XP level 8. HP: 68/68 MP: 12/16
  7067 | D:6      | Noticed Maggie
  7084 | D:6      | Reached skill level 6 in Spellcasting
  7084 | D:6      | Killed Maggie
  7085 | D:6      | Reached skill level 1 in Evocations
  7588 | D:6      | Found a basalt altar of Yredelemnul.
  7615 | D:6      | Learned a level 4 spell: Flame Wave
  8053 | D:7      | Found a flagged portal.
  8064 | Bailey   | Entered a bailey
  8116 | Bailey   | Noticed an orc warlord
  8214 | Bailey   | Reached skill level 7 in Spellcasting
  8230 | Bailey   | Reached XP level 9. HP: 22/75 MP: 1/19
  8582 | Bailey   | Found a runed translucent gate.
  8585 | Bailey   | Found a runed translucent gate.
  8587 | Bailey   | Found a runed translucent gate.
  9102 | Bailey   | Acquired the +7 demon trident of Junius {elec, rElec rPois
                  | Int+6}
  9405 | Bailey   | Identified the +9 hand axe of Bodily Harmony {vamp, Drain
                  | rF- Will+++ Dex+6}
  9416 | Bailey   | Annihilated by an orc warlord

Illustrated notes

Levels and vault maps discovered:
D:1:      evilmike_arrival_hilbert_curve, layout_loops_corners
D:2:      layout_rooms, minmay_misc_feat_columns
D:3:      layout_basic, serial_corexii_hall, corexii_hall_statues_x,
          chequers_hall_statues_wall_a, uniq_crazy_yiuf_cottage
D:4:      layout_rooms, temple_pool_b
D:5:      layout_loops_corners, portal_sewer_entry_a, minivault_11
D:6:      layout_loops_cross, mainiacjoe_overflow_alcove_1, serial_shops,
          nicolae_shop_trees, kennysheep_small_spiral, grunt_ministairs_7,
          minmay_misc_feat_nine_boxes, minivault_22, uniq_maggie
D:7:      layout_basic, gammafunk_temple_overflow_wave, enter_bailey_3,
          uniq_pikel
Temple:   minmay_temple_bridge_d
Bailey:   bailey_axe_bossmonster_kennysheep, bailey

Skill      XL: |  1  2  3  4  5  6  7  8  9 |
---------------+----------------------------+-----
Fire Magic     | 3 4 5 6 |  6.6
Conjurations   | 1 2 3 4 |  4.0
Spellcasting   | 3 4 5 7 |  7.5
Dodging        | 2 3 |  3.0
Stealth        | 2 3 |  3.0
Evocations     | 2 |  2.2
Fighting       | |  0.3

Action                   |  1- 3 |  4- 6 |  7- 9 || total
-------------------------+-------+-------+-------++-------
Melee: Short sword       |    27 |    42 |     9 ||    78
       Punch             |       |       |     1 ||     1
 Cast: Foxfire           |    37 |    11 |     3 ||    51
       Scorch            |    17 |    93 |    82 ||   192
       Inner Flame       |       |     2 |     9 ||    11
Invok: Call Merchant     |       |       |     1 ||     1
  Use: Scroll            |       |       |    13 ||    13
 Stab: Distracted        |       |     1 |       ||     1
Armor: Robe              |    15 |    45 |     6 ||    66
Dodge: Dodged            |    22 |    86 |    35 ||   143
